 Dungeon Crawl Stone Soup version 0.31-a0-424-g41b3b0883d (webtiles) character file.

Game seed: 14983394924809122286

49 Morbidden the Shooter (level 4, -4/34 HPs)
             Began as a Formicid Hunter on July 29, 2023.
             Killed by divine providence
             ... invoked by an orc priest
              (15 damage)
             ... on level 3 of the Dungeon.
             The game lasted 00:01:30 (1796 turns).

Morbidden the Shooter (Formicid Hunter)             Turns: 1796, Time: 00:01:31

Health: -4/34      AC:  3    Str: 15    XL:     4   Next: 2%
Magic:  4/4        EV: 12    Int:  9    God:
Gold:   167        SH:  0    Dex: 19    Spells: 3/3 levels left

rFire   . . .        a - +1 shortbow
rCold   . . .        (no shield)
rNeg    . . .        c - +0 leather armour
rPois   .            (helmet unavailable)
rElec   .            (no cloak)
rCorr   .            (no gloves)
SInv    +            (no boots)
Will    .....        (no amulet)
Stlth   ++           (no ring)
HPRegen 0.25/turn    (no ring)
MPRegen 0.09/turn

%: no passive effects
@: mighty, brilliant, attractive
A: permanent stasis, dig shafts and tunnels, antennae 3, four strong arms
a: Dig, Shaft Self


You were on level 3 of the Dungeon.
You visited 1 branch of the dungeon, and saw 3 of its levels.

You collected 167 gold pieces.

Inventory:

Hand Weapons
 a - a +1 shortbow (weapon)
Armour
 c - a +0 leather armour (worn)
Jewellery
 h - an amulet of magic regeneration
Scrolls
 b - a scroll of butterflies
 d - 2 scrolls of identify
 e - 2 scrolls of fear
 i - a scroll of immolation {unknown}
 l - a scroll of enchant weapon
Potions
 g - 3 potions of might
 j - a potion of attraction


   Skills:
 * Level 2.9 Fighting
 * Level 4.7 Ranged Weapons
 * Level 0.7 Armour
 * Level 2.0 Dodging
 + Level 1.2 Stealth


You had 3 spell levels left.
You didn't know any spells.
Your spell library was empty.

Dungeon Overview and Level Annotations

Branches:
Dungeon (3/15)

Altars:

Shops:
D:2 [


Innate Abilities, Weirdness & Mutations

You cannot be hasted, slowed, berserked, paralysed or teleported.
You can dig through walls and to a lower floor.
You have a pair of large antennae on your head. (SInv)
Your four strong arms can wield two-handed weapons with a shield.


Message History

Unknown command.
You are now empty-handed.
Unknown command.
a - a +1 shortbow (weapon)
The orc priest hits you with a +0 trident.
* * * LOW HITPOINT WARNING * * *
Unknown command.
Fire: a) +1 shortbow
Press: ? - help, Q - select action, (/) - cycle Shift-Dir - straight line, f - orc priest
Aim: an orc priest, wielding a +0 trident (severely wounded, 65% to hit)
You shoot an arrow. The arrow hits the orc priest.
The orc priest is severely wounded.
The orc priest closely misses you.
Unknown command.
Fire: a) +1 shortbow
Press: ? - help, Q - select action, (/) - cycle Shift-Dir - straight line, f/p - orc priest
Aim: an orc priest, wielding a +0 trident (severely wounded, 65% to hit)
You shoot an arrow.
The arrow hits the orc priest but does no damage.
The orc priest is severely wounded.
The orc priest barely misses you.
It was a potion of curing.
You feel better.
A bat comes into view.
The orc priest closely misses you. The bat is attracted toward you.
Unknown command.
It was a potion of brilliance.
You feel clever all of a sudden.
The orc priest hits you with a +0 trident.
The bat is attracted toward you.
Unknown command.
Fire: a) +1 shortbow
Press: ? - help, Q - select action, (/) - cycle Shift-Dir - straight line, f/p - orc priest
Aim: an orc priest, wielding a +0 trident (severely wounded, 65% to hit)
You shoot an arrow.
The arrow hits the orc priest but does no damage.
The orc priest is severely wounded.
The bat hits you but does no damage. The bat closely misses you.
The orc priest mumbles some strange prayers to Beogh against you.
Beogh smites you!
You die...

#....# #....+ #....#
#....# #....# #....#
{ #....#
###############@o..#
#<.......#..#...b..#
########.#..#....).#
#.#..#.####.....
#....#.# .~...
###.##.# §≈~≈ #.##.#
≈≈~ ####.##.# ≈§~
#....##.#


You could see an orc priest and a bat.

Vanquished Creatures
  An adder (D:2)
  A worm (D:2)
  2 dart slugs
  An orc (D:2)
  4 endoplasms
  2 giant cockroaches (D:2)
  A hobgoblin (D:2)
  2 quokkas
  4 ball pythons
  A bat (D:1)
  2 frilled lizards (D:2)
  5 goblins
  4 kobolds
  A rat (D:2)
31 creatures vanquished.

Notes
Turn   | Place    | Note
-------+----------+-------------------------------------------
     0 | D:1      | Morbidden the Formicid Hunter began the quest for the Orb.
     0 | D:1      | Reached XP level 1. HP: 16/16 MP: 1/1
   564 | D:1      | Reached XP level 2. HP: 23/23 MP: 2/2
  1043 | D:2      | Reached XP level 3. HP: 28/28 MP: 3/3
  1153 | D:2      | Found Dyjotaow's Armour Shoppe.
  1336 | D:2      | Found a faded altar of an unknown god.
  1536 | D:2      | Reached XP level 4. HP: 30/34 MP: 4/4
  1796 | D:3      | Killed from afar by an orc priest

Illustrated notes

Levels and vault maps discovered:
D:1:      eino_arrival_tree_alley, layout_loops_corners
D:2:      layout_basic, serial_shops, nicolae_shop_window_shopping,
          hellmonk_ecumenical_altar_heavens_door, minmay_3d_cube
D:3:      layout_basic, doesnt_xom_only_xom, kiku_gazebo_pond_becter

Skill      XL: |  1  2  3 |
---------------+----------+-----
Dodging        | 2 |  2.0
Fighting       | |  2.9
Ranged Weapons | |  4.7
Armour         | |  0.7
Stealth        | |  1.2

Action                     |  1- 3 |  4- 6 || total
---------------------------+-------+-------++-------
   Fire: Shortbow          |    74 |    13 ||    87
Ability: Dig               |       |     2 ||     2
    Use: Scroll            |     4 |       ||     4
         Potion            |       |     4 ||     4
 Armour: Leather armour    |     3 |     1 ||     4
  Dodge: Dodged            |     9 |     5 ||    14

Table legend: (Time is in decaauts)
 A = Elapsed time spent in this place.
 B = Non-inter-level travel time spent in this place.
 C = Inter-level travel time spent in this place.
 D = Time resting spent in this place.
 E = Time spent auto-exploring this place.
 F = Levels seen in this place.
 G = Mean time per level.
                   A        B        C        D        E       F      G
               +--------+--------+--------+--------+--------+-----+--------+
         Total |   1812 |   1759 |     53 |     52 |   1521 |   3 |  604.0 |
       Dungeon |   1812 |   1759 |     53 |     52 |   1521 |   3 |  604.0 |
               +--------+--------+--------+--------+--------+-----+--------+

Top non-repeatable levels by time:
     D:2: 895 daAuts
     D:1: 850 daAuts
     D:3: 67 daAuts
